 Dungeon Crawl Stone Soup version 0.19-b1-5-gdc9fa9d (webtiles) character file.

57 Crag the Skirmisher (level 3, 0/29 HPs)
             Began as a Demonspawn Warper on Oct 31, 2016.
             Slain by a leopard gecko (4 damage)
             ... on level 2 of the Dungeon.
             The game lasted 00:04:31 (2566 turns).

Crag the Skirmisher (Demonspawn Warper)             Turns: 2566, Time: 00:04:31

Health: 0/29       AC:  3    Str: 11    XL:     3   Next: 73%
Magic:  6/6        EV: 11    Int: 15    God:
Gold:   43         SH:  0    Dex: 12    Spells: 0 memorised, 6 levels left

rFire  . . .     SeeInvis .     a - +0 falchion
rCold  . . .     Gourm    .     b - +0 leather armour
rNeg   . . .     Faith    .     (no shield)
rPois  .         Spirit   .     (helmet restricted)
rElec  .         Reflect  .     (no cloak)
rCorr  .         Harm     .     (no gloves)
MR     .....                    (no boots)
Stlth  +.........               (no amulet)
                                (no ring)
                                (no ring)

@: no status effects
A: claws 1, horns 1
a: no special abilities


You were on level 2 of the Dungeon.
You were very hungry.

You visited 1 branch of the dungeon, and saw 2 of its levels.

You collected 43 gold pieces.

Inventory:

Hand Weapons
 a - a +0 falchion (weapon)
 h - a cursed -2 hand axe
Missiles
 e - 5 tomahawks of dispersal (quivered)
Armour
 b - a +0 leather armour (worn)
Scrolls
 d - a scroll of blinking
 m - a scroll of fog {unknown}
 n - a scroll of amnesia {unknown}
Potions
 g - a potion of haste {unknown}
 j - a potion of agility {unknown}
 l - a potion of lignification {unknown}
Books
 c - a book of Spatial Translocations

   Spells                             Type                      Level
   a - Blink                          Translocation                2
   b - Shroud of Golubria             Charms/Translocation         2
   c - Lesser Beckoning               Translocation                3
   d - Portal Projectile              Translocation                3
   e - Teleport Other                 Translocation                3
   f - Passage of Golubria            Translocation                4
Comestibles
 f - 2 bread rations
 i - a meat ration


   Skills:
 - Level 3.2 Fighting
 + Level 2.9 Long Blades
 - Level 0.8 Throwing
 - Level 0.8 Armour
 - Level 1.7 Dodging
 - Level 2.0 Spellcasting
   Level 2.6 Translocations


You had 6 spell levels left.
You didn't know any spells.

Dungeon Overview and Level Annotations

Branches:
Dungeon (2/15)

Altars:


Innate Abilities, Weirdness & Mutations

You have sharp fingernails.
You have a pair of small horns on your head.


Message History

The leopard gecko is heavily wounded.
The leopard gecko bites you.
You closely miss the leopard gecko.
The leopard gecko is heavily wounded.
The leopard gecko misses you.
You completely miss the leopard gecko.
The leopard gecko is heavily wounded.
The leopard gecko bites you. The leopard gecko closely misses you.
You barely miss the leopard gecko.
The leopard gecko is heavily wounded.
The leopard gecko bites you.
* * * LOW HITPOINT WARNING * * *
You barely miss the leopard gecko.
The leopard gecko is heavily wounded.
The leopard gecko misses you. The leopard gecko bites you.
* * * LOW HITPOINT WARNING * * *
You closely miss the leopard gecko. You headbutt the leopard gecko.
The leopard gecko is almost dead.
The leopard gecko bites you.
You die...

### ###
#.####.#
#......#
#.####(#
#.# #.#
#.# #.#
#.# #.#
#@# #.#
#l# #.#
#.# #.#
#.####.###
#.##.....#
#.##.#.#.#
#.##.#.#.#
#$##.#.#.#
#.#.#.#


You could see a leopard gecko.

Vanquished Creatures
  An adder (D:2)
  An ooze (D:1)
  A dart slug (D:1)
  3 leopard geckos (D:1)
  6 bats (D:1)
  9 goblins (D:1)
  4 hobgoblins (D:1)
  4 jackals (D:1)
  A ball python (D:1)
  A frilled lizard (D:1)
  3 kobolds (D:1)
  A rat (D:1)
35 creatures vanquished.

Notes
Turn   | Place    | Note
-------+----------+-------------------------------------------
     0 | D:1      | Crag the Demonspawn Warper began the quest for the Orb.
     0 | D:1      | Reached XP level 1. HP: 16/16 MP: 3/3
   325 | D:1      | Gained mutation: You have sharp fingernails. [demonic ancestry]
   325 | D:1      | Reached XP level 2. HP: 22/22 MP: 5/5
  1379 | D:1      | Gained mutation: You have a pair of small horns on your head. [demonic ancestry]
  1379 | D:1      | Reached XP level 3. HP: 27/28 MP: 6/6
  2210 | D:2      | Reached skill level 3 in Fighting
  2240 | D:2      | HP: 1/29 [poisoned by an adder]
  2566 | D:2      | Slain by a leopard gecko

Skill      XL: |  1  2  3 |
---------------+----------+-----
Long Blades    | 2 |  2.9
Fighting       | 3 |  3.2
Throwing       | |  0.8
Armour         | |  0.8
Dodging        | |  1.7
Spellcasting   | |  2.0
Translocations | |  2.6

Action                   || total
-------------------------++-------
Melee: Falchion          ||   127
       Headbutt          ||     9
  Eat: Chunk             ||     4
Armor: Leather armour    ||    30
Dodge: Dodged            ||    83
       Rpst.: Falchion   ||    25
